 Dungeon Sprint DCSS version 0.30-a0-953-g5f1da4a474 (webtiles) character file.

Game seed: 16758590941724397576

2018 testman the Eye of the Storm (level 9, -35/83 HPs)
             Began as a Demonspawn Gladiator on Mar 28, 2023.
             Was a Priest of Qazlal.
             Annihilated by a boulder beetle (47 damage)
             ... in the Dungeon (Sprint IX: "|||||||||||||||||||||||||||||").
             The game lasted 00:07:43 (422 turns).

testman the Eye of the Storm (Demonspawn Gladiator)  Turns: 422, Time: 00:07:43

Health: -35/83     AC: 15    Str: 19    XL:     9   Next: 3%
Magic:  19/19      EV: 11    Int:  9    God:    Qazlal [***...]
Gold:   0          SH:  3    Dex: 21    Spells: 8/8 levels left

rFire   . . .      SeeInvis .    n - +2 halberd (protect)
rCold   . . .      Faith    .    (shield currently unavailable)
rNeg    . . .      Spirit   .    o - +1 scale mail
rPois   .          Reflect  .    c - +0 helmet
rElec   .          Rampage  .    (no cloak)
rCorr   .          NoTele   +    (no gloves)
Will    .....                    (no boots) Stlth
                                 (no amulet)
HPRegen 0.33/turn                p - +3 ring of dexterity
MPRegen 0.16/turn                q - +3 ring of dexterity

@: under a protective aura
A: demonic guardian 1, spiny 2, weakness stinger 2
a: Renounce Religion, Upheaval, Elemental Force


You were in the Dungeon.
You worshipped Qazlal.
Qazlal was most pleased with you.
You visited 1 branch

Inventory:

Hand Weapons
 a - a +0 trident
 n - a +2 halberd of protection (weapon)
 t - a +0 glaive
Missiles
 d - 3 throwing nets (quivered)
 e - a javelin
 r - a curare-tipped dart
 s - 4 poisoned darts
Armour
 b - a +0 leather armour
 c - a +0 helmet (worn)
 o - a +1 scale mail (worn)
Jewellery
 p - a +3 ring of dexterity (left hand)
 q - a +3 ring of dexterity (right hand)
Wands
 m - a wand of quicksilver (10)
Scrolls
 k - a scroll of blinking
 l - 2 scrolls of amnesia
Potions
 f - 4 potions of curing
 g - 2 potions of heal wounds
 i - 4 potions of magic
 j - a potion of invisibility


   Skills:
 + Level 12.5 Fighting
 + Level 11.7 Polearms
 - Level 1.7 Throwing
 - Level 2.6 Dodging
 + Level 13.6 Invocations


You had 8 spell levels left.
You didn't know any spells.
Your spell library was empty.

Dungeon Overview and Level Annotations

Branches:
Dungeon (1/1)

Altars:
Cheibriados
Dithmenos
Fedhas
Gozag
Hepliaklqana
Kikubaaqudgha
Makhleb
Nemelex Xobeh
Okawaru
Qazlal
Ru
Sif Muna
Trog
Uskayaw
Vehumet
Wu Jian
Xom
Yredelemnul
Jiyva
Lugonu


Innate Abilities, Weirdness & Mutations

A weak demonic guardian rushes to your aid.
You are mostly covered in sharp spines.
You have a tail ending in a sharp stinger.


Message History

Press: ? - help, Dir - move target, f/p - boulder beetle
Aim: a boulder beetle (severely wounded, ally target, about 8% to evade your +2 halberd of protection)
You reach to attack!
You hit the boulder beetle.
The boulder beetle is severely wounded.
Your shadow imp hits the boulder beetle but does no damage.
The boulder beetle misses your shadow imp.
Reach: n) +2 halberd (protect)
Press: ? - help, Dir - move target, f/p - boulder beetle
Aim: a boulder beetle (severely wounded, ally target, about 8% to evade your +2 halberd of protection)
You could not reach far enough!
Your shadow imp hits the boulder beetle but does no damage.
The boulder beetle curls into a ball and begins rolling!
Reach: n) +2 halberd (protect)
Press: ? - help, Dir - move target, f/p - boulder beetle
Aim: a boulder beetle (severely wounded, rolling, ally target, about 8% to evade your +2 halberd of protection)
You could not reach far enough!
Your shadow imp gestures at the boulder beetle.
The boulder beetle resists with significant effort.
The boulder beetle hits your shadow imp!
Your shadow imp dies!
Your shadow imp disappears in a puff of smoke!
The boulder beetle stops rolling and uncurls.
Reach: n) +2 halberd (protect)
Press: ? - help, Dir - move target, f/p - boulder beetle
Aim: a boulder beetle (severely wounded, unaware, hasn't noticed you, about 8% to evade your +2 halberd of protection)
You reach to attack!
You hit the boulder beetle.
The boulder beetle is severely wounded.
The boulder beetle curls into a ball and begins rolling!
Reach: n) +2 halberd (protect)
Press: ? - help, Dir - move target, f/p - boulder beetle
Aim: a boulder beetle (severely wounded, rolling, about 8% to evade your +2 halberd of protection)
You reach to attack!
You hit the boulder beetle but do no damage.
The boulder beetle is severely wounded.
You hit the boulder beetle but do no damage.
You tail-slap the boulder beetle, but do no damage.
The boulder beetle is severely wounded.
The boulder beetle hits you!!!
Ouch! That really hurt!
You die...

▓▓▓
▓@▓
▓B▓
▓°▓
▓.▓
▓)▓
▓.▓
▓.▓
▓.▓
▓.▓


You could see a boulder beetle (rolling).

Vanquished Creatures
  A centaur warrior (D)
  2 ugly things (D)
  2 yaks (D)
  An orc warrior (D)
  2 kobold brigands (D)
  A scorpion (D)
  A killer bee (D)
  A gnoll bouda (D)
  An adder (D)
  A dart slug (D)
  A bat (D)
  A goblin (D)
  A kobold (D)
  A quokka (D)
  A ball python (D)
  A rat (D)
19 creatures vanquished.

Notes
Turn   | Place    | Note
-------+----------+-------------------------------------------
     0 | D        | testman the Demonspawn Gladiator began the quest for the
                  | Orb.
     0 | D        | Reached XP level 1. HP: 16/16 MP: 1/1
    40 | D        | Noticed a gnoll bouda
    40 | D        | Noticed a scorpion
    43 | D        | Killed a gnoll bouda
    44 | D        | Gained mutation: You have a small tail. [demonic ancestry]
    44 | D        | Reached XP level 2. HP: 26/26 MP: 2/2
    44 | D        | Gained mutation: You are partially covered in sharp spines.
                  | [demonic ancestry]
    44 | D        | Reached XP level 3. HP: 32/32 MP: 3/3
    45 | D        | Reached skill level 5 in Fighting
    45 | D        | Reached skill level 5 in Polearms
    46 | D        | Killed a scorpion
    47 | D        | Gained mutation: You are mostly covered in sharp spines.
                  | [demonic ancestry]
    47 | D        | Reached XP level 4. HP: 41/41 MP: 4/4
    83 | D        | Found a snail-covered altar of Cheibriados.
    83 | D        | Found a shadowy altar of Dithmenos.
    83 | D        | Found a blossoming altar of Fedhas.
    83 | D        | Found an opulent altar of Gozag.
    84 | D        | Found a hazy altar of Hepliaklqana.
    85 | D        | Found a viscous altar of Jiyva.
    86 | D        | Found an ancient bone altar of Kikubaaqudgha.
    87 | D        | Found a corrupted altar of Lugonu.
    88 | D        | Found a burning altar of Makhleb.
    89 | D        | Found a sparkling altar of Nemelex Xobeh.
    90 | D        | Found an iron altar of Okawaru.
    91 | D        | Found a stormy altar of Qazlal.
    92 | D        | Found a sacrificial altar of Ru.
    93 | D        | Found a shimmering blue altar of Sif Muna.
    94 | D        | Found a bloodstained altar of Trog.
    95 | D        | Found a hide-covered altar of Uskayaw.
    96 | D        | Found a radiant altar of Vehumet.
    97 | D        | Found an ornate altar of the Wu Jian Council.
    98 | D        | Found a shimmering altar of Xom.
    99 | D        | Found a basalt altar of Yredelemnul.
   109 | D        | Became a worshipper of Qazlal Stormbringer
   149 | D        | Noticed an orc warrior
   149 | D        | Noticed a yak
   149 | D        | Noticed a yak
   149 | D        | Noticed a kobold brigand
   149 | D        | Noticed a kobold brigand
   161 | D        | Killed an orc warrior
   162 | D        | Reached skill level 5 in Invocations
   162 | D        | Reached XP level 5. HP: 35/49 MP: 4/8
   169 | D        | Killed a yak
   169 | D        | Reached * piety under Qazlal
   170 | D        | Reached skill level 8 in Invocations
   170 | D        | Reached XP level 6. HP: 34/58 MP: 4/12
   176 | D        | Killed a yak
   177 | D        | Reached skill level 9 in Invocations
   177 | D        | Gained mutation: You have a tail ending in a sharp stinger.
                  | [demonic ancestry]
   177 | D        | Reached XP level 7. HP: 33/65 MP: 5/13
   180 | D        | Reached skill level 10 in Fighting
   181 | D        | Reached ** piety under Qazlal
   182 | D        | Reached skill level 10 in Invocations
   302 | D        | Noticed a centaur warrior
   302 | D        | Noticed a purple ugly thing
   302 | D        | Noticed a white ugly thing
   302 | D        | Noticed a raiju
   302 | D        | Noticed a four-headed hydra
   302 | D        | Noticed a boulder beetle
   311 | D        | Killed a centaur warrior
   312 | D        | Reached skill level 10 in Polearms
   312 | D        | Reached skill level 12 in Invocations
   312 | D        | Gained mutation: A weak demonic guardian rushes to your
                  | aid. [demonic ancestry]
   312 | D        | Reached XP level 8. HP: 57/75 MP: 14/17
   319 | D        | Killed a purple ugly thing
   333 | D        | Killed a white ugly thing
   333 | D        | Reached *** piety under Qazlal
   334 | D        | Reached skill level 13 in Invocations
   334 | D        | Reached XP level 9. HP: 36/83 MP: 16/19
   422 | D        | Annihilated by a boulder beetle

Illustrated notes

Levels and vault maps discovered:
D:        linesprint [early_d, line_temple, items_1, d_10, items_2, lair_1,
          lair_end, items_3, orc_1, orc_end, items_4, d_15, swamp_1, shoals_1,
          snake_1, spider_1, d_20, vaults_1, items_5, swamp_end, shoals_end,
          snake_end, spider_end, vaults_end, d_27, items_6, zot_1, zot_end,
          crypt_end, forest_end, elf_end, slime_end, tomb_end, abyss_end,
          pan_hell_end]

Skill      XL: |  1  2  3  4  5  6  7  8 |
---------------+-------------------------+-----
Polearms       | 4 6 7 8 9 10 11 | 11.7
Fighting       | 4 6 7 9 11 12 | 12.5
Invocations    | 5 8 9 12 13 | 13.6
Throwing       | |  1.7
Dodging        | |  2.6

Action                     |  1- 3 |  4- 6 |  7- 9 || total
---------------------------+-------+-------+-------++-------
  Melee: Trident           |    23 |     2 |     5 ||    30
         Halberd           |       |    26 |    50 ||    76
         Tailslap          |       |     3 |    16 ||    19
    Use: Potion            |     1 |     1 |     2 ||     4
         Scroll            |       |       |     1 ||     1
 Armour: Leather armour    |     6 |     1 |       ||     7
         Scale mail        |       |     9 |    20 ||    29
  Dodge: Dodged            |    13 |    10 |    13 ||    36
  Block: Other             |       |       |     4 ||     4

Table legend: (Time is in decaauts)
 A = Elapsed time spent in this place.
 B = Non-inter-level travel time spent in this place.
 C = Inter-level travel time spent in this place.
 D = Time resting spent in this place.
 E = Time spent auto-exploring this place.
 F = Levels seen in this place.
 G = Mean time per level.
                   A        B        C        D        E       F      G
               +--------+--------+--------+--------+--------+-----+--------+
         Total |    414 |    398 |     16 |    167 |      0 |   1 |  414.0 |
       Dungeon |    414 |    398 |     16 |    167 |      0 |   1 |  414.0 |
               +--------+--------+--------+--------+--------+-----+--------+

Top non-repeatable levels by time:
       D: 414 daAuts
